 Dungeon Crawl Stone Soup version 0.26-a0-639-g72c4674329 (webtiles) character file.

Game seed: 15913412522757577442

44 DogServant the Digger (level 3, 0/19 HPs)
             Began as a Gargoyle Earth Elementalist on Sept 19, 2020.
             Slain by a killer bee (4 damage)
             ... on level 2 of the Dungeon.
             The game lasted 00:04:29 (1370 turns).

DogServant the Digger (Gargoyle Earth Elementalist) Turns: 1370, Time: 00:04:30

Health: 0/19       AC:  7    Str: 11    XL:     3   Next: 60%
Magic:  1/7        EV: 12    Int: 16    God:
Gold:   67         SH:  0    Dex: 10    Spells: 3/7 levels left

rFire    . . .     SeeInvis .   b - +0 dagger
rCold    . . .     Faith    .   (no shield)
rNeg     + . .     Spirit   .   c - +0 robe
rPois    ∞         Reflect  .   j - +1 helmet
rElec    +         Harm     .   (no cloak)
rCorr    .         Rampage  .   (no gloves)
MR       .....                  (no boots)
Stlth    ++........             (no amulet)
HPRegen  0.06/turn              (no ring)
MPRegen  0.10/turn              (no ring)

@: no status effects
A: negative energy resistance 1, electricity resistance, unbreathing,
petrification resistance, rot immunity, AC +3
a: no special abilities


You were on level 2 of the Dungeon.
You visited 1 branch of the dungeon, and saw 2 of its levels.

You collected 67 gold pieces.

Inventory:

Hand Weapons
 b - a +0 dagger (weapon)
Missiles
 i - 24 stones (quivered)
Armour
 c - a +0 robe (worn)
 j - a +1 helmet (worn)
Scrolls
 a - a scroll of identify
 f - a scroll of remove curse {unknown}
Potions
 d - 2 potions of might
 e - a potion of curing {unknown}
 g - a potion of heal wounds {unknown}
 h - a potion of resistance {unknown}


   Skills:
 - Level 1.6 Dodging
 - Level 2.2 Stealth
 + Level 2.7 Spellcasting
   Level 0.7 Transmutations
 + Level 4.6 Earth Magic


You had 3 spell levels left.
You knew the following spells:

 Your Spells              Type           Power        Failure   Level
a - Sandblast             Erth           ###...       2%          1
b - Stone Arrow           Conj/Erth      #.....       22%         3

Your spell library contained the following spells:

 Spells                   Type           Power        Failure   Level
 Passwall                 Tmut/Erth      ##......     10%         2
 Petrify                  Tmut/Erth      ##......     54%         4
 Lee's Rapid Deconstruct  Erth           ###.......   61%         5


Dungeon Overview and Level Annotations

Branches:
Dungeon (2/15)

Altars:


Innate Abilities, Weirdness & Mutations

You are resistant to torment.
Your stone body is resilient. (AC +3)
You are immune to poison.
You resist negative energy. (rN+)
You are resistant to electric shocks. (rElec)
You can survive without breathing.
You are immune to petrification.
You are immune to rotting.


Message History

i - 24 stones The killer bee stings you.
The killer bee stings you but does no damage.
Your magical contamination has completely faded away.
Casting: Sandblast (safe; 2% risk of failure)
Confirm with . or Enter, or press ? or * to list all spells.
You don't have enough magic to cast that spell.
Unknown command.
The killer bee barely misses you. The killer bee barely misses you.
The killer bee barely misses you.
The killer bee stings you but does no damage.
As you read the scroll labeled EXEMEORILI, it crumbles to dust.
It is a scroll of identify.
d - 2 potions of might The killer bee stings you.
* * * LOW HITPOINT WARNING * * *
The killer bee stings you but does no damage.
The killer bee stings you.
You die...

##.....#..#
#######..# #..#
#..# #.. #. #..#
##.## .. #..#
#...##.
#..###.....
##...#....
#@#.##..
#y#..#.♣#♣.♣
#y##.#.....#.##
#S##.#.♣.♣.♣..###
#y.#.†.# .. ...y#
##.##..## w♣....
#.##...# ..y#
#..#..y## ...#
##.#..Py##...#


You could see 3 killer bees and an adder.

Vanquished Creatures
  3 dart slugs
  A leopard gecko (D:1)
  7 bats (D:1)
  4 giant cockroaches
  2 goblins
  3 hobgoblins (D:1)
  5 jackals (D:1)
  A ball python (D:1)
  A frilled lizard (D:1)
  2 kobolds (D:1)
  4 rats (D:1)
33 creatures vanquished.

Notes
Turn   | Place    | Note
-------+----------+-------------------------------------------
     0 | D:1      | DogServant the Gargoyle Earth Elementalist began the quest
                  | for the Orb.
     0 | D:1      | Reached XP level 1. HP: 10/10 MP: 3/3
   169 | D:1      | Reached skill level 4 in Earth Magic
   169 | D:1      | Reached XP level 2. HP: 15/15 MP: 3/5
   634 | D:1      | Reached XP level 3. HP: 18/19 MP: 1/6
   855 | D:1      | Learned a level 3 spell: Stone Arrow
  1344 | D:2      | Noticed a killer bee
  1345 | D:2      | Noticed a killer bee
  1345 | D:2      | Noticed a killer bee
  1346 | D:2      | Noticed a killer bee
  1370 | D:2      | Slain by a killer bee

Illustrated notes

Levels and vault maps discovered:
D:1:      scummos_arrival_simple_crosswalls, layout_loops_ring
D:2:      layout_rooms, led_sif_pool, serial_forest,
          infiniplex_forest_clump_tiny, infiniplex_forest_straight_2,
          infiniplex_forest_clump_small, infiniplex_forest_lined_3_way,
          infiniplex_forest_join, infiniplex_forest_corner_1,
          infiniplex_forest_lined_3_way, minmay_close_crescents

Skill      XL: |  1 |
---------------+----+-----
Earth Magic    | 4 |  4.6
Dodging        | |  1.6
Stealth        | |  2.2
Spellcasting   | |  2.7
Transmutations | |  0.7

Action                   || total
-------------------------++-------
Melee: Unarmed           ||   100
       Dagger            ||    17
 Cast: Sandblast         ||    41
  Use: Scroll            ||     1
 Stab: Sleeping          ||     5
Armor: Robe              ||    66
Dodge: Dodged            ||   106

Table legend: (Time is in decaauts)
 A = Elapsed time spent in this place.
 B = Non-inter-level travel time spent in this place.
 C = Inter-level travel time spent in this place.
 D = Time resting spent in this place.
 E = Time spent auto-exploring this place.
 F = Levels seen in this place.
 G = Mean time per level.
                   A        B        C        D        E       F      G
               +--------+--------+--------+--------+--------+-----+--------+
         Total |   1369 |   1358 |     11 |    167 |    833 |   2 |  684.5 |
       Dungeon |   1369 |   1358 |     11 |    167 |    833 |   2 |  684.5 |
               +--------+--------+--------+--------+--------+-----+--------+

Top non-repeatable levels by time:
     D:1: 1273 daAuts
     D:2: 95 daAuts
